 Dungeon Crawl Stone Soup version 0.22.1-2-g9c5b331 (webtiles) character file.

95 magicm the Skirmisher (level 4, -7/37 HPs)
             Began as a Demonspawn Abyssal Knight on Nov 21, 2018.
             Was a Believer of Lugonu.
             Mangled by an ogre
             ... wielding a +0 giant club
              (17 damage)
             ... on level 4 of the Dungeon.
             The game lasted 00:08:25 (2994 turns).

magicm the Skirmisher (Demonspawn Abyssal Knight)   Turns: 2994, Time: 00:08:26

Health: -7/37      AC:  6    Str: 14    XL:     4   Next: 39%
Magic:  0/5        EV:  7    Int: 13    God:    Lugonu [**....]
Gold:   157        SH:  7    Dex: 12    Spells: 3/3 levels left

rFire    . . .     SeeInvis .   a - +1 hand axe
rCold    . . .     Gourm    .   n - +0 shield
rNeg     . . .     Faith    .   e - +0 ring mail
rPois    .         Spirit   +   (no helmet)
rElec    .         Reflect  .   (no cloak)
rCorr    .         Harm     .   (no gloves)
MR       .....                  h - +0 pair of boots
Stlth    +.........             o - amulet of magic regeneration
HPRegen  0.12/turn              g - +5 ring of slaying
MPRegen  0.34/turn              (no ring)

@: no status effects
A: claws 1, [blurry vision 1], magic shield
a: Depart the Abyss, Bend Space, Renounce Religion


You were on level 4 of the Dungeon.
You worshipped Lugonu.
Lugonu was pleased with you.
You were not hungry.

You visited 1 branch of the dungeon, and saw 4 of its levels.
You visited the Abyss 1 time.

You collected 157 gold pieces.

Inventory:

Hand Weapons
 a - a +1 hand axe (weapon)
Armour
 e - a +0 ring mail (worn)
 h - a +0 pair of boots (worn)
 n - a +0 shield (worn)
Jewellery
 f - an uncursed ring of magical power
 g - a +5 ring of slaying (left claw)
 o - an amulet of magic regeneration (around neck)
 p - an uncursed ring of fire {unknown}
 q - an uncursed ring of see invisible {unknown}
 t - an uncursed amulet of faith {unknown}
Scrolls
 j - a scroll of teleportation
Potions
 b - a potion of haste {unknown}
 d - 2 potions of lignification {unknown}
 i - a potion of berserk rage {unknown}
 k - a potion of mutation {unknown}
 l - 2 potions of magic {unknown}
 m - a potion of heal wounds {unknown}
 r - a potion of curing {unknown}
 s - a potion of brilliance {unknown}
 u - a potion of degeneration {unknown}
Comestibles
 c - 8 rations


   Skills:
 + Level 4.0 Fighting
   Level 0.1 Short Blades
 + Level 2.5 Axes
 + Level 2.6 Armour
 + Level 1.0 Dodging
 + Level 0.3 Stealth
 + Level 0.3 Shields
 + Level 2.4 Invocations


You had 3 spell levels left.
You didn't know any spells.
Your spell library was empty.

Dungeon Overview and Level Annotations

Branches:
Dungeon (4/15)
 Temple: D:4-7

Altars:


Innate Abilities, Weirdness & Mutations

You have sharp fingernails.
When hurt, damage is shared between your health and your magic reserves.
[Scrolls take you a little longer to read.]


Message History

You are too injured to fight recklessly!
You are too injured to fight recklessly!
You are too injured to fight recklessly!
You are too injured to fight recklessly!
You are too injured to fight recklessly!
You are too injured to fight recklessly!
You are too injured to fight recklessly!
You are too injured to fight recklessly!
You are too injured to fight recklessly!
You are too injured to fight recklessly!
Space bends around you!
You blink.
Found an escape hatch in the ceiling.
You hit the ogre.
The ogre is lightly wounded.
The ogre hits you with a giant club!
* * * LOW HITPOINT WARNING * * *
Your shield and ring mail prevent you from hitting the ogre.
The ogre is lightly wounded.
The ogre hits you with a giant club!!
You die...

### ....
######### .....
#.......##..<.
#.............
#....O@..#
#........#
##........#
..#####...#..####
#......<##..##
####..##....# #.
..##.# .. #....#
#. .....


You could see an ogre.

Vanquished Creatures
  An adder (D:3)
  2 dart slugs (D:2)
  A leopard gecko (D:2)
  8 orcs (D:3)
  7 bats
  4 giant cockroaches
  4 goblins
  5 hobgoblins
  12 jackals
  5 kobolds
  A quokka (D:3)
  A ball python (D:1)
  3 frilled lizards
  11 rats
65 creatures vanquished.

Notes
Turn   | Place    | Note
-------+----------+-------------------------------------------
     0 | Abyss:1  | magicm the Demonspawn Abyssal Knight began the quest for
                  | the Orb.
     0 | Abyss:1  | Reached XP level 1. HP: 18/18 MP: 2/2
    77 | Abyss:1  | Noticed a wretched star
    80 | D:1      | Escaped the Abyss
   474 | D:1      | Gained mutation: You have sharp fingernails. [demonic
                  | ancestry]
   474 | D:1      | Reached XP level 2. HP: 24/24 MP: 3/3
   529 | D:1      | Reached skill level 1 in Dodging
   534 | D:1      | Reached * piety under Lugonu
  1161 | D:2      | Gained mutation: When hurt, damage is shared between your
                  | health and your magic reserves. [demonic ancestry]
  1161 | D:2      | Reached XP level 3. HP: 24/29 MP: 4/4
  2112 | D:3      | Reached ** piety under Lugonu
  2170 | D:3      | Reached XP level 4. HP: 23/37 MP: 1/5
  2679 | D:3      | Reached skill level 4 in Fighting
  2987 | D:4      | Noticed an ogre
  2994 | D:4      | Mangled by an ogre

Skill      XL: |  1  2  3  4 |
---------------+-------------+-----
Axes           | 2 |  2.5
Armour         | 2 |  2.6
Dodging        | 1 |  1.0
Fighting       | 4 |  4.0
Short Blades   | |  0.1
Stealth        | |  0.3
Shields        | |  0.3
Invocations    | |  2.4

Action                   |  1- 3 |  4- 6 || total
-------------------------+-------+-------++-------
Melee: Hand axe          |   105 |    31 ||   136
       Dagger            |    23 |       ||    23
Invok: Depart the Abyss  |     1 |       ||     1
       Bend Space        |       |     1 ||     1
  Use: Scroll            |     7 |     2 ||     9
  Eat: Ration            |     2 |       ||     2
Armor: Ring mail         |    78 |     9 ||    87
       Leather armour    |     2 |       ||     2
Dodge: Dodged            |    79 |    10 ||    89
Block: Shield            |    30 |    14 ||    44
